 Dungeon Crawl Stone Soup version 0.19.5 (webtiles) character file.

656 Keye the Grappler (level 7, -4/69 HPs)
             Began as an Octopode Berserker on May 5, 2017.
             Was a Priest of Trog.
             Slain by a gnoll
             ... wielding a +0 spear
              (11 damage)
             ... on level 4 of the Dungeon.
             The game lasted 00:05:20 (3490 turns).

Keye the Grappler (Octopode Berserker)              Turns: 3490, Time: 00:05:21

Health: -4/69      AC:  1    Str: 22    XL:     7   Next: 55%
Magic:  7/7        EV: 14    Int:  9    God:    Trog [***...]
Gold:   295        SH:  0    Dex: 13    Spells: 0 memorised, 6 levels left

rFire  . . .     SeeInvis .       - Unarmed
rCold  . . .     Gourm    .     (no shield)
rNeg   . . .     Faith    .     (helmet restricted)
rPois  .         Spirit   .     (no amulet)
rElec  .         Reflect  .     (no ring)
rCorr  .         Harm     .     (no ring)
MR     .....                    (no ring)
Stlth  ..........               (no ring)
                                (no ring)
                                (no ring)
                                (no ring)
                                (no ring)

@: berserking, very quick
A: almost no armour, stealthy swim, amphibious, 8 rings, constrict 8, camouflage
1, gelatinous body 1
a: Berserk, Trog's Hand, Burn Spellbooks, Renounce Religion


You were on level 4 of the Dungeon.
You worshipped Trog.
Trog was most pleased with you.
You were hungry.

You visited 1 branch of the dungeon, and saw 4 of its levels.

You collected 295 gold pieces.

Inventory:

Scrolls
 b - a scroll of noise {unknown}
 g - 3 scrolls of remove curse
 i - a scroll of enchant armour {unknown}
 j - 2 scrolls of identify {unknown}
 m - a scroll of random uselessness {unknown}
 n - a scroll of magic mapping {unknown}
 o - a scroll of fog {unknown}
 p - a scroll of blinking {unknown}
 q - 3 scrolls of teleportation {unknown}
 r - a scroll of recharging {unknown}
Potions
 c - 3 potions of degeneration {unknown}
 d - a potion of curing {unknown}
 e - a potion of brilliance {unknown}
 k - 2 potions of heal wounds {unknown}
 l - a potion of berserk rage {unknown}
 t - a potion of lignification {unknown}
 u - a potion of mutation {unknown}
Comestibles
 a - 4 bread rations
 f - 3 beef jerkies
 h - 4 meat rations
 s - 2 chunks of flesh


   Skills:
 - Level 3.0 Fighting
 - Level 3.0 Dodging
 + Level 8.6 Unarmed Combat


You had 6 spell levels left.
You didn't know any spells.

Dungeon Overview and Level Annotations

Branches:
Dungeon (4/15)
 Temple: D:4-7

Altars:
Ashenzari
Okawaru
Qazlal


Innate Abilities, Weirdness & Mutations

You cannot wear most types of armour.
You are very stealthy in the water. (Stealth+)
You are amphibious.
You can wear up to eight rings at the same time.
You can use your tentacles to constrict eight enemies at once.
Your skin changes colour to match your surroundings (Stealth+).
Your rubbery body absorbs attacks. (AC +1, EV +1)


Message History

You constrict the gnoll. The gnoll closely misses you.
You are too injured to fight recklessly!
You are too injured to fight recklessly!
You are too injured to fight recklessly!
You are too injured to fight recklessly!
You are too injured to fight recklessly!
You tentacle-slap the gnoll.
The gnoll is heavily wounded.
You constrict the gnoll. The gnoll hits you with a club!
* * * LOW HITPOINT WARNING * * *
The gnoll closely misses you.
The gnoll shouts!
You bludgeon the gnoll!
You kill the gnoll!
Trog accepts your kill.
You tentacle-slap the gnoll. Your grab misses the gnoll.
The gnoll is lightly wounded.
The gnoll misses you.
The gnoll hits you from afar with a spear!
You die...

....≈≈###+# ....≈≈≈.# ....≈≈≈.#
....≈≈≈.# ....≈≈≈.# .P..≈≈≈.#
....≈≈≈.# #######################
....≈≈≈.#.#...........#....#.....
....≈≈≈.#.g...g)@....)'..).'.....
....≈≈###'#....g......#)...#.....
...P≈≈#...#############''''######
....≈≈#..g#............).........
....≈≈#####≈≈≈≈≈≈≈≈≈≈≈≈.)..≈≈≈≈≈≈
....≈≈≈≈≈≈≈≈≈≈≈≈≈≈≈≈≈≈≈....≈≈≈≈≈≈
P...≈≈≈≈≈≈≈≈≈≈≈≈≈≈≈≈≈≈≈....≈≈≈≈≈≈
............)))).)[......).......
#########..<>#).................#


You could see 3 gnolls.

Vanquished Creatures
  The ghost of Keye the Poker, an amateur OpBe of Trog (D:4)
  A bullfrog skeleton (D:4)
  2 gnoll shamans (D:4)
  An iguana (D:4)
  A worker ant (D:4)
  A worker ant zombie (D:4)
  17 gnolls (D:4)
  6 adders
  An ooze (D:2)
  A worm (D:3)
  4 dart slugs
  2 leopard geckos (D:1)
  10 orcs
  2 giant cockroaches
  2 goblins (D:1)
  5 hobgoblins
  14 jackals (D:4)
  A quokka (D:3)
  A ball python (D:4)
  9 bats
  A frilled lizard (D:3)
  16 kobolds
  2 rats
101 creatures vanquished.

Vanquished Creatures (others)
  4 toadstools (D:1)
4 creatures vanquished.

Grand Total: 105 creatures vanquished

Notes
Turn   | Place    | Note
-------+----------+-------------------------------------------
     0 | D:1      | Keye the Octopode Berserker began the quest for the Orb.
     0 | D:1      | Reached XP level 1. HP: 16/16 MP: 1/1
    25 | D:1      | Reached XP level 2. HP: 21/21 MP: 2/2
    92 | D:1      | Found a shattered altar of Ashenzari.
   291 | D:1      | Reached skill level 4 in Unarmed Combat
   418 | D:1      | Reached XP level 3. HP: 26/26 MP: 3/3
   519 | D:1      | Reached ** piety under Trog
   937 | D:2      | Reached XP level 4. HP: 31/31 MP: 4/4
   975 | D:2      | Found an iron altar of Okawaru.
   982 | D:2      | Reached skill level 5 in Unarmed Combat
  1575 | D:3      | Reached XP level 5. HP: 27/36 MP: 5/5
  2139 | D:4      | Reached *** piety under Trog
  2139 | D:4      | Reached skill level 6 in Unarmed Combat
  2150 | D:4      | Noticed Keye's ghost (amateur OpBe)
  2164 | D:4      | Killed Keye's ghost
  2164 | D:4      | Reached skill level 7 in Unarmed Combat
  2164 | D:4      | Reached XP level 6. HP: 25/42 MP: 6/6
  2755 | D:4      | Found a stormy altar of Qazlal.
  2813 | D:4      | Reached XP level 7. HP: 35/46 MP: 7/7
  2970 | D:4      | Reached skill level 8 in Unarmed Combat
  3153 | D:4      | HP: 1/69 [gnoll/spear (9)]
  3490 | D:4      | Slain by a gnoll

Skill      XL: |  1  2  3  4  5  6  7 |
---------------+----------------------+-----
Unarmed Combat | 4 5 7 8 |  8.6
Fighting       | |  3.0
Dodging        | |  3.0

Action                   |  1- 3 |  4- 6 |  7- 9 || total
-------------------------+-------+-------+-------++-------
Melee: Unarmed           |    67 |   100 |    57 ||   224
       Constrict         |    21 |    21 |    19 ||    61
       Tentacles         |    13 |    22 |    10 ||    45
       Punch             |     3 |     6 |     2 ||    11
Invok: Berserk           |       |     3 |     3 ||     6
  Use: Scroll            |     2 |       |       ||     2
 Stab: Sleeping          |     6 |     3 |     1 ||    10
       Distracted        |       |     1 |       ||     1
  Eat: Chunk             |       |     8 |     5 ||    13
Armor: Skin              |     6 |     5 |     1 ||    12
Dodge: Dodged            |    57 |    55 |    29 ||   141
